 Dungeon Crawl Stone Soup version 0.29.1-15-g9cfb28693d (webtiles) character file.

Game seed: 10226473976604451333

66544 promet the Spear-Bearer (level 14, -1/111 HPs)
             Began as a Minotaur Fighter on Feb 27, 2023.
             Was a High Priest of Uskayaw.
             Constricted to death by Jorgrun (13 damage)
             ... on level 1 of the Orcish Mines on Mar 1, 2023.
             The game lasted 03:59:13 (35865 turns).

promet the Spear-Bearer (Minotaur Fighter)         Turns: 35865, Time: 03:59:26

Health: -1/111     AC: 25    Str: 28    XL:     14   Next: 79%
Magic:  19/21      EV: 14    Int:  9    God:    Uskayaw [*****.]
Gold:   775        SH:  0    Dex: 11    Spells: 16/23 levels left

rFire   . . .      SeeInvis +   a - +7 halberd of Jeru {freeze, Stlth+}
rCold   . . .      Faith    .   (shield currently unavailable)
rNeg    . . .      Spirit   .   C - +1 ring mail "Ocwaryre" {Str+5}
rPois   .          Reflect  .   l - +3 crown of Dyrovepreva {rElec Int+2 SInv}
rElec   +          Harm     .   x - +2 cloak
rCorr   .          Rampage  .   g - +2 pair of gloves
Will    +....                   r - +2 pair of boots
Stlth   ++++......              M - amulet of the acrobat
HPRegen 0.28/turn               R - +4 ring of protection
MPRegen 0.17/turn               Z - +4 ring of evasion

@: grasped by roots, constricted, studying Ranged Weapons, unable to read
A: horns 2, retaliatory headbutt, talons 1, frail 1, inability to read after
injury 1
a: Renounce Religion, Stomp, Line Pass, Grand Finale


You were on level 1 of the Orcish Mines.
You worshipped Uskayaw.
Uskayaw was noncommittal.
You visited 4 branches of the dungeon, and saw 19 of its levels.
You also visited: Bailey.

You collected 1370 gold pieces.
You spent 595 gold pieces at shops.

Inventory:

Hand Weapons
 a - the +7 halberd of Jeru (weapon) {freeze, Stlth+}
   (You bought it in a shop on level 11 of the Dungeon)

   It freezes those it strikes, dealing additional cold damage.
   It can also slow down cold-blooded creatures.
   Stlth:     It makes you more stealthy.
 b - a +0 arbalest
 c - a +0 vorpal rapier
 w - a +4 scimitar of flaming
 A - a +0 great sword
 D - a +4 mace
 I - the +4 dagger of Equilibrium {vorpal, Str+6}
   (You found it on level 11 of the Dungeon)

   It inflicts extra damage upon your enemies.
   Str:       It affects your strength (+6).
 J - a +6 war axe
Missiles
 j - 3 curare-tipped darts (quivered)
 k - 110 stones
 o - 18 poisoned darts
Armour
 g - a +2 pair of gloves (worn)
 l - the +3 crown of Dyrovepreva (worn) {rElec Int+2 SInv}
   (You acquired it on level 9 of the Dungeon)

   Int:       It affects your intelligence (+2).
   rElec:     It insulates you from electricity.
   SInv:      It lets you see invisible.
 p - a +3 leather armour
 r - a +2 pair of boots (worn)
 v - a +0 chain mail
 x - a +2 cloak (worn)
 B - a +1 kite shield of fire resistance
 C - the +1 ring mail "Ocwaryre" (worn) {Str+5}
   (You bought it in a shop on level 2 of the Dungeon)

   Str:       It affects your strength (+5).
Jewellery
 d - an amulet of regeneration
 e - a ring of ice
 f - a ring of fire
 q - a ring of positive energy
 M - an amulet of the acrobat (around neck)
 N - a ring of protection from cold
 R - a +4 ring of protection (left hand)
 S - an amulet of guardian spirit
 Z - a +4 ring of evasion (right hand)
Wands
 y - a wand of digging (9)
 E - a wand of polymorph (1)
 K - a wand of iceblast (11)
 O - a wand of flame (17)
 Q - a wand of acid (2)
 W - a wand of charming (4)
Scrolls
 h - 5 scrolls of teleportation
 i - a scroll of blinking
 m - 3 scrolls of magic mapping
 t - 3 scrolls of poison
 F - 3 scrolls of butterflies
 V - a scroll of enchant armour
Potions
 n - a potion of ambrosia
 s - a potion of curing
 z - 3 potions of flight
 G - 2 potions of brilliance
 L - 3 potions of lignification
 T - a potion of might
 U - a potion of magic
 X - a potion of berserk rage {unknown}
 Y - a potion of resistance
Miscellaneous
 u - a tin of tremorstones (2/2)


   Skills:
 + Level 11.5 Fighting
 + Level 1.0(2.3) Short Blades
 + Level 3.7(3.8) Long Blades
 + Level 8.8(12.7) Axes
 + Level 14.5(15.4) Polearms
 + Level 12.5 Ranged Weapons
 + Level 3.6 Throwing
 + Level 10.1 Armour
 + Level 6.7 Dodging
 + Level 6.7 Stealth
 + Level 8.7 Shields
 + Level 5.4 Spellcasting
 + Level 3.4 Conjurations
 + Level 0.4 Necromancy
 * Level 0.5 Translocations
 + Level 2.7 Fire Magic
 + Level 6.3 Evocations


You had 16 spell levels left.
You knew the following spells:

 Your Spells              Type           Power      Damage    Failure   Level
a - Foxfire               Conj/Fire      32%        2x1d5     9%          1
b - Blink                 Tloc           6%         N/A       36%         2
c - Necrotise             Necr           12%        1d4       26%         1
d - Conjure Flame         Conj/Fire      8%         6-21      26%         3

Your spell library contained the following spells:

 Spells                   Type           Power      Damage    Failure   Level
 Inner Flame              Hex/Fire       4%         N/A       50%         3
 Lesser Beckoning         Tloc           3%         N/A       58%         3
 Vampiric Draining        Necr           3%         2d6       63%         3
 Flame Wave               Conj/Fire      8%         2d5       65%         4
 Confusing Touch          Hex            2%         N/A       67%         3
 Summon Guardian Golem    Hex/Summ       2%         N/A       67%         3
 Iskenderun's Mystic Bla  Conj/Tloc      6%         2d4       80%         4
 Fulminant Prism          Conj/Hex       2%         3d6       85%         4
 Fireball                 Conj/Fire      4%         3d4       94%         5
 Agony                    Necr           3%         N/A       100%        5
 Lee's Rapid Deconstruct  Erth           1%         3d5*      100%        5
 Manifold Assault         Tloc           3%         N/A       100%        5
 Yara's Violent Unravell  Hex/Tmut       1%         3d3       100%        5
 Starburst                Conj/Fire      4%         6d3       100%        6
 Enfeeble                 Hex            1%         N/A       100%        7
 Orb of Destruction       Conj           4%         9d5       100%        7
 Spellforged Servitor     Conj/Summ      2%         N/A       100%        7
 Ignition                 Fire           3%         3d4       100%        8


Dungeon Overview and Level Annotations

Branches:
Dungeon (12/15)            Temple (1/1) D:5            Lair (5/5) D:11
  Swamp (0/4) Lair:3       Spider (0/4) Lair:3        Slime (0/5) Lair:5
    Orc (1/2) D:12         Bailey (visited)

Altars:
Dithmenos
Elyvilon
Fedhas
Gozag
Kikubaaqudgha
Nemelex Xobeh
Okawaru
Sif Muna
Uskayaw
Vehumet
Wu Jian
Yredelemnul
Zin
The Shining One

Shops:
D:2 [[?   D:6 :   D:7 :   D:11 *:[(

Annotations:
Lair:5 1 runed translucent door
Orc:1 Jorgrun


Innate Abilities, Weirdness & Mutations

You have a pair of horns on your head.
You reflexively headbutt those who attack you in melee.
You have sharp toenails.
You are frail. (-10% HP)
You occasionally lose the ability to read scrolls when taking damage.


Message History

Aim: Jorgrun, wielding a +0 vorpal quarterstaff and wearing a +2 robe (heavily wounded, poisoned, slow, ally target, 48% to hit)
You shoot a bolt.
The bolt hits Jorgrun but does no damage.
Jorgrun is heavily wounded.
Jorgrun is no longer moving slowly.
The foxfire hits Jorgrun but does no damage.
Jorgrun is heavily wounded.
The foxfire hits Jorgrun but does no damage.
Jorgrun is heavily wounded.
Jorgrun casts a spell at you. The iron shot hits you!!!
Ouch! That really hurt!
The grasping roots constrict you.
Uskayaw prepares the audience for your solo!
You feel much better.
Jorgrun is no longer paralysed.
The grasping roots constrict you!
Fire: b) +0 arbalest
Press: ? - help, Q - select action, (/) - cycle Shift-Dir - straight line, f/p - Jorgrun
Aim: Jorgrun, wielding a +0 vorpal quarterstaff and wearing a +2 robe (heavily wounded, poisoned, 48% to hit)
You shoot a bolt. The bolt hits Jorgrun!
Jorgrun is heavily wounded.
The grasping roots constrict you.
Aiming: Mindburst
Press: ? - help, Shift-Dir - straight line, f/p - Jorgrun
Aim: Jorgrun, wielding a +0 vorpal quarterstaff and wearing a +2 robe (heavily wounded, poisoned, chance to affect: 10%) Jorgrun resists with almost no effort.
The now-empty wand crumbles to dust.
Jorgrun looks more healthy.
The grasping roots constrict you.
The +7 halberd of Jeru {freeze, Stlth+} glows with a cold blue light!
a - the +7 halberd of Jeru (weapon)
{freeze, Stlth+} Jorgrun barely misses you.
The grasping roots constrict you.
You slice Jorgrun!! You freeze Jorgrun. Your headbutt misses Jorgrun.
Jorgrun is severely wounded.
You slice Jorgrun!! You freeze Jorgrun!
Jorgrun is almost dead.
Jorgrun gestures at you while chanting. The iron shot hits you!!
You feel threatened and lose the ability to read scrolls!
* * * LOW HITPOINT WARNING * * *
The grasping roots constrict you!
You die...

... ##.# ##
..### #....
##.##.#.##.....
#..........)...
##.#...........
#.............#
#......)..)...
#....>@g)))..(
##.$..........
#.............
#..............
##....)........
#..........##.
#.$.$......#
............


You could see Jorgrun.

Vanquished Creatures
  A quicksilver ooze (Lair:5)
  A dire elephant (Lair:5)
  The ghost of BuddhaDhamma the Executioner, a journeyman MiBe of Trog (Lair:1)
  A boulder beetle (Lair:5)
  A catoblepas (Lair:5)
  5 hydras
  A two-headed ogre (D:9)
  Erica (D:10)
  3 death yaks (Lair:5)
  Sonja (Lair:4)
  Nergalle (D:10)
  5 skeletal warriors (D:12)
  Amaemon (Lair:1)
  2 bog bodies (Lair:3)
  2 lindwurms (Lair:5)
  A deep elf pyromancer (D:12)
  A cyclops (D:11)
  An orc knight (Bailey)
  A wolf spider (Lair:5)
  An orc sorcerer (Orc:1)
  3 manticores
  10 elephants
  13 black mambas
  A guardian serpent (Lair:5)
  A gargoyle (D:10)
  5 rime drakes
  Psyche (D:12)
  An unseen horror (D:11)
  A kobold demonologist (Bailey)
  14 cane toads
  An orange demon (Lair:1)
  11 komodo dragons
  3 trolls
  3 polar bears
  3 hornets (Lair:5)
  8 dream sheep (Lair:5)
  20 blink frogs
  5 slime creatures
  A shadow (D:11)
  2 spriggans (Lair:2)
  6 wraiths
  Eustachio (D:4)
  59 yaks
  3 basilisks
  16 wyverns
  2 steam dragons
  2 redbacks
  26 water moccasins
  15 orc warriors
  A sky beast (D:8)
  4 black bears
  2 ice beasts (D:6)
  4 ogres
  5 centaurs
  14 wolves
  A phantom (D:5)
  A necrophage (D:6)
  10 bullfrogs
  A gnoll sergeant (D:6)
  5 scorpions
  7 wights (D:9)
  13 killer bees
  4 electric eels
  A howler monkey (D:9)
  8 orc priests
  11 jellies
  2 iguanas
  Terence (D:2)
  9 orc wizards
  Ijyb (D:4)
  10 gnolls
  6 adders
  A white imp (D:8)
  2 ufetubi (D:5)
  A worm (D:2)
  2 dart slugs (D:1)
  39 orcs
  8 ball pythons
  22 endoplasms
  2 giant cockroaches
  17 goblins
  14 hobgoblins
  7 jackals
  2 quokkas (D:4)
  5 bats
  5 frilled lizards
  3 kobolds
  5 rats
525 creatures vanquished.

Vanquished Creatures (collateral kills)
  3 foxfires (Lair:4)
3 creatures vanquished.

Vanquished Creatures (others)
  A bush (Lair:5)
  318 foxfires
  52 fungi
  107 plants
478 creatures vanquished.

Grand Total: 1006 creatures vanquished

Notes
Turn   | Place    | Note
-------+----------+-------------------------------------------
     0 | D:1      | promet the Minotaur Fighter began the quest for the Orb.
     0 | D:1      | Reached XP level 1. HP: 19/19 MP: 0/0
   192 | D:1      | Reached XP level 2. HP: 14/27 MP: 1/1
   449 | D:1      | Found a faded altar of an unknown god.
   585 | D:1      | Reached XP level 3. HP: 26/33 MP: 2/2
  1613 | D:2      | Found Xaotz's Antique Armour Boutique.
  1700 | D:2      | Noticed Terence
  1703 | D:2      | Killed Terence
  1704 | D:2      | Reached skill level 3 in Polearms
  1704 | D:2      | Reached XP level 4. HP: 40/40 MP: 3/3
  1867 | D:2      | Found Gowyejuz's Magic Scroll Emporium.
  1888 | D:2      | Bought a scroll of blinking for 105 gold pieces
  1897 | D:2      | Found Feukes's Armour Emporium.
  2557 | D:3      | Noticed a black bear
  2568 | D:3      | Killed a black bear
  2569 | D:3      | Reached skill level 4 in Polearms
  2569 | D:3      | Reached skill level 5 in Armour
  2569 | D:3      | Reached XP level 5. HP: 43/47 MP: 4/4
  2598 | D:3      | Noticed a centaur
  2606 | D:3      | Killed a centaur
  2607 | D:3      | Reached skill level 1 in Dodging
  2607 | D:3      | Reached XP level 6. HP: 46/53 MP: 5/5
  2711 | D:3      | Gained mutation: You occasionally lose the ability to read
                  | scrolls when taking damage. [potion of mutation]
  2711 | D:3      | Gained mutation: You are frail. (-10% HP) [potion of
                  | mutation]
  2711 | D:3      | Gained mutation: You have sharp toenails. [potion of
                  | mutation]
  2760 | D:3      | Found an opulent altar of Gozag.
  2760 | D:3      | Found a glowing silver altar of Zin.
  3015 | D:4      | Noticed Eustachio
  3032 | D:4      | Killed Eustachio
  3033 | D:4      | Reached skill level 5 in Polearms
  3033 | D:4      | Reached skill level 1 in Stealth
  3130 | D:4      | Noticed Ijyb
  3160 | D:4      | Killed Ijyb
  3703 | D:4      | Reached skill level 5 in Shields
  3853 | D:4      | Found a shadowy altar of Dithmenos.
  4146 | D:4      | Reached XP level 7. HP: 54/54 MP: 6/6
  4327 | D:4      | Found an ancient bone altar of Kikubaaqudgha.
  4402 | D:5      | Entered Level 5 of the Dungeon
  4429 | D:5      | Reached skill level 6 in Polearms
  4435 | D:5      | Found a glowing golden altar of the Shining One.
  4857 | D:5      | Reached skill level 5 in Fighting
  5059 | D:5      | Found a staircase to the Ecumenical Temple.
  5069 | Temple   | Entered the Ecumenical Temple
  5115 | Temple   | Became a worshipper of Uskayaw the Reveller
  5272 | D:5      | Reached * piety under Uskayaw
  5324 | D:5      | Reached ** piety under Uskayaw
  5328 | D:5      | Reached skill level 7 in Polearms
  5328 | D:5      | Reached skill level 1 in Throwing
  5329 | D:5      | Reached *** piety under Uskayaw
  5331 | D:5      | Reached XP level 8. HP: 53/61 MP: 7/7
  5505 | D:5      | Found a blossoming altar of Fedhas.
  5833 | D:6      | Found Tieseih's Book Boutique.
  5849 | D:6      | Reached skill level 8 in Polearms
  6172 | D:6      | Reached skill level 1 in Ranged Weapons
  6912 | D:6      | Reached skill level 9 in Polearms
  7105 | D:6      | Reached XP level 9. HP: 67/67 MP: 8/8
  7435 | D:7      | Found an iron altar of Okawaru.
  7482 | D:7      | Found Byzeyst's Book Boutique.
  7539 | D:7      | Found a flagged portal.
  7690 | Bailey   | Entered a bailey
  8108 | Bailey   | Noticed an orc knight
  8125 | Bailey   | Killed an orc knight
  8126 | Bailey   | Reached skill level 5 in Ranged Weapons
  8126 | Bailey   | Reached skill level 1 in Evocations
 10428 | Bailey   | Found an iron altar of Okawaru.
 10428 | Bailey   | Noticed a kobold demonologist
 10428 | Bailey   | Noticed an orc high priest
 10432 | Bailey   | Noticed an ice devil
 10590 | Bailey   | Killed a kobold demonologist
 11096 | Bailey   | Noticed a red devil
 11100 | Bailey   | Noticed a rust devil
 11100 | Bailey   | Noticed a sun demon
 11924 | D:7      | Reached XP level 10. HP: 73/75 MP: 9/9
 12267 | D:8      | Reached **** piety under Uskayaw
 12518 | D:8      | Found a sparkling altar of Nemelex Xobeh.
 12837 | D:8      | Noticed an eight-headed hydra
 13210 | D:8      | Reached ***** piety under Uskayaw
 13641 | D:9      | Noticed a two-headed ogre
 13672 | D:9      | Killed a two-headed ogre
 13673 | D:9      | Reached skill level 10 in Polearms
 14379 | D:2      | Bought the +1 ring mail "Ocwaryre" {Str+5} for 265 gold
                  | pieces
 15313 | D:9      | Identified the +0 robe of Peek-a-Boo {-Cast rElec rF+
                  | Dex+2}
 15469 | D:9      | Acquired the +3 crown of Dyrovepreva {rElec Int+2 SInv}
 15469 | D:9      | Found the +3 crown of Dyrovepreva {rElec Int+2 SInv}
 15479 | D:9      | Learned a level 1 spell: Foxfire
 15844 | D:10     | Entered Level 10 of the Dungeon
 16062 | D:10     | Found a white marble altar of Elyvilon.
 16197 | D:10     | Reached skill level 1 in Axes
 16325 | D:10     | Noticed Nergalle
 16325 | D:10     | Noticed Erica
 16472 | D:10     | Learned a level 2 spell: Blink
 16481 | D:10     | Noticed a gargoyle
 16490 | D:10     | Killed a gargoyle
 16852 | D:10     | Killed Nergalle
 16853 | D:10     | Reached XP level 11. HP: 53/82 MP: 10/10
 17044 | D:10     | Killed Erica
 17126 | D:10     | Found a shimmering blue altar of Sif Muna.
 17278 | D:11     | Found Vevvo's Antique Weapon Shoppe.
 17361 | D:11     | Found Kevusk Purch's Armour Shoppe.
 17448 | D:11     | Noticed a five-headed hydra
 17458 | D:11     | Killed a one-headed hydra
 17539 | D:11     | Reached skill level 5 in Axes
 17656 | D:11     | Found Libiurph's Book Emporium.
 17758 | D:11     | Found a staircase to the Lair.
 17851 | D:11     | Identified the +4 dagger of Equilibrium {vorpal, Str+6}
 18047 | D:11     | Bought a bloodstained halberd for 225 gold pieces
 18047 | D:11     | Identified the +7 halberd of Jeru {freeze, Stlth+} (You
                  | bought it in a shop on level 11 of the Dungeon)
 18142 | D:11     | Found Uwoheel's Assorted Antiques.
 18307 | Lair:1   | Entered Level 1 of the Lair of Beasts
 18513 | Lair:1   | Noticed a seven-headed hydra
 18514 | Lair:1   | Reached skill level 11 in Polearms
 18514 | Lair:1   | Reached skill level 5 in Evocations
 18525 | Lair:1   | Noticed Amaemon
 18811 | Lair:1   | Killed Amaemon
 18812 | Lair:1   | Reached skill level 1 in Long Blades
 18813 | Lair:1   | Reached XP level 12. HP: 75/92 MP: 11/11
 18964 | Lair:1   | Killed a one-headed hydra
 19281 | Lair:1   | Found a runed translucent door.
 19282 | Lair:1   | Noticed BuddhaDhamma's ghost (journeyman MiBe)
 19673 | Lair:1   | Killed BuddhaDhamma's ghost
 19674 | Lair:1   | Reached skill level 5 in Dodging
 20373 | Lair:2   | Reached skill level 10 in Ranged Weapons
 20820 | Lair:2   | Reached skill level 5 in Stealth
 21531 | Lair:2   | Reached skill level 12 in Polearms
 22012 | Lair:3   | Learned a level 1 spell: Necrotise
 22216 | Lair:3   | Reached skill level 1 in Conjurations
 22220 | Lair:3   | Reached skill level 1 in Short Blades
 22220 | Lair:3   | Reached skill level 1 in Spellcasting
 22757 | Lair:3   | Found a staircase to the Swamp.
 22863 | Lair:3   | Reached XP level 13. HP: 100/100 MP: 14/14
 22946 | Lair:3   | Reached skill level 1 in Fire Magic
 23033 | Lair:3   | Found a hole to the Spider Nest.
 23656 | Lair:3   | Reached ****** piety under Uskayaw
 23983 | Lair:4   | Reached skill level 10 in Fighting
 24468 | Lair:4   | Noticed Sonja
 24824 | Lair:4   | Killed Sonja
 26296 | Lair:5   | Entered Level 5 of the Lair of Beasts
 27094 | Lair:5   | Reached skill level 13 in Polearms
 28164 | Lair:5   | Reached XP level 14. HP: 109/109 MP: 16/18
 28591 | Lair:5   | Noticed a quicksilver ooze
 28730 | Lair:5   | Killed a quicksilver ooze
 29616 | Lair:5   | Learned a level 3 spell: Conjure Flame
 29973 | Lair:5   | Paralysed by a hornet for 3 turns
 30241 | Lair:5   | Reached skill level 14 in Polearms
 30297 | Lair:5   | Found a runed translucent door.
 30314 | Lair:5   | Found a staircase to the Slime Pits.
 32196 | Lair:5   | Reached skill level 5 in Spellcasting
 33753 | D:12     | Noticed Psyche
 33997 | D:12     | Killed Psyche
 34317 | D:12     | Found a staircase to the Orcish Mines.
 34506 | D:12     | Reached skill level 10 in Armour
 35168 | D:12     | Found a radiant altar of Vehumet.
 35812 | Orc:1    | Entered Level 1 of the Orcish Mines
 35850 | Orc:1    | Noticed Jorgrun
 35865 | Orc:1    | Constricted to death by Jorgrun

Illustrated notes

Levels and vault maps discovered:
D:1:      zaba_arrival_water, layout_basic, shapermc_ecumenical_altar_acropolis
D:2:      layout_loops_ring, serial_shops, shop, nicolae_shop_waterfront,
          nicolae_shop_waterfront, uniq_terence
D:3:      layout_rooms, grunt_temple_overflow_gold_and_silver
D:4:      layout_loops_corners, lemuel_round_altar, lemuel_round_altar,
          uniq_ijyb, uniq_eustachio
D:5:      layout_gridville, fedhas_altar_4, tso_metal_star,
          minmay_temple_entry_drinking_statues, kennysheep_generic_room_3
D:6:      layout_basic, serial_shops, nicolae_shop_statue_plus
D:7:      layout_basic, okawaru_metal_pillars_1_2, enter_bailey_8, serial_shops,
          shop_fountains
D:8:      layout_basic, nemelex_diamond_rough_becter, nrook_mini_backslash,
          reono_crystal_passage
D:9:      layout_stronghold
D:10:     layout_small_grid, mainiacjoe_overflow_alcove_4, lemuel_crystal_altar,
          uniq_erica, uniq_nergalle
D:11:     layout_loops_cross, minmay_lair_entry_grove, serial_shops,
          nicolae_shop_stone, kennysheep_little_box, shop, shop
D:12:     layout_stronghold, minmay_orc_entry_temple_small,
          vehumet_altar_wand_db, uniq_psyche
Temple:   minmay_temple_forest_path
Lair:1:   layout_loops_ring, hellmonk_ghost_happy_afterlife, uniq_amaemon
Lair:2:   layout_loops_ring, forest_entry_grove
Lair:3:   lemuel_slime, layout_gridlike, skrybe_swamp_entry_bodies,
          spider_nest_entry_a, portal_ice_cave_rime
Lair:4:   layout_regular_city, serial_bayou_shore_a, uniq_sonja
Lair:5:   hangedman_lair_tendril_chambers, layout_gridlike,
          hangedman_lair_in_review, slime_entry_2, nicolae_lair_time_for_slime
Orc:1:    layout_caves, mines5_lemuel, uniq_gastronok, uniq_erolcha,
          uniq_jorgrun

Skill      XL: |  1  2  3  4  5  6  7  8  9 10 11 12 13 14 |
---------------+-------------------------------------------+-----
Armour         | 4 5 6 7 8 9 10 | 10.1
Shields        | 4 5 6 7 8 |  8.7
Fighting       | 4 5 6 7 8 9 10 11 | 11.5
Polearms       | 3 4 5 7 9 10 11 12 13 14 | 14.5
Dodging        | 1 2 3 4 5 6 |  6.7
Stealth        | 1 2 3 4 5 6 |  6.7
Throwing       | 1 2 3 |  3.6
Ranged Weapons | 3 7 8 9 10 11 12 | 12.5
Evocations     | 3 4 5 6 |  6.3
Axes           | 2 7 8 |  8.8
Long Blades    | 1 2 3 |  3.7
Conjurations   | 1 2 3 |  3.4
Short Blades   | 1 |  1.0
Spellcasting   | 1 3 5 |  5.4
Fire Magic     | 2 |  2.7
Necromancy     | |  0.4
Translocations | |  0.5

Action                   |  1- 3 |  4- 6 |  7- 9 | 10-12 | 13-15 || total
-------------------------+-------+-------+-------+-------+-------++-------
Melee: Trident           |    81 |   130 |   161 |       |       ||   372
       Headbutt          |     9 |    19 |    67 |   128 |    98 ||   321
       Spear             |       |       |   214 |   209 |       ||   423
       Rapier            |       |       |     4 |    13 |     1 ||    18
       War axe           |       |       |       |   177 |    15 ||   192
       Halberd           |       |       |       |   192 |   469 ||   661
       Scimitar          |       |       |       |    17 |    26 ||    43
       Dagger            |       |       |       |    12 |       ||    12
       Punch             |       |       |       |     1 |       ||     1
 Fire: Sling             |       |       |   101 |    87 |       ||   188
       Arbalest          |       |       |       |    24 |   163 ||   187
Throw: Stone             |       |    12 |    25 |    11 |     3 ||    51
       Dart              |       |       |    24 |    18 |     4 ||    46
       Throwing net      |       |       |     3 |       |       ||     3
 Cast: Foxfire           |       |       |       |    36 |   154 ||   190
Invok: Stomp             |       |       |       |     6 |     1 ||     7
Evoke: Wand              |       |       |     1 |     1 |     7 ||     9
       Tin of tremorston |       |       |       |     1 |     1 ||     2
  Use: Scroll            |     5 |     3 |    10 |    11 |     7 ||    36
       Potion            |     1 |     9 |     5 |     3 |     8 ||    26
 Stab: Invisible         |       |     4 |       |       |     1 ||     5
       Paralysed         |       |       |     3 |    30 |    27 ||    60
       Sleeping          |       |       |       |     4 |     1 ||     5
       Distracted        |       |       |       |       |     2 ||     2
Armor: Scale mail        |    26 |    46 |    16 |       |       ||    88
       Chain mail        |       |       |    71 |       |       ||    71
       Steam dragon scal |       |       |    27 |       |       ||    27
       Plate armour      |       |       |     8 |       |       ||     8
       Leather armour    |       |       |     5 |    46 |       ||    51
       Ring mail         |       |       |       |   194 |   259 ||   453
       Skin              |       |       |       |       |     1 ||     1
Dodge: Dodged            |    28 |    47 |   117 |   274 |   291 ||   757
Block: Buckler           |     8 |    18 |    30 |       |       ||    56
       Kite shield       |       |       |    68 |   191 |       ||   259
